Map: At Eternity's Edge LE

Players

LetaleX

  • Race: Protoss Protoss
  • League: Grandmaster
  • Spawn Location: 11:00

Mixu - Winner!

  • Race: Zerg Zerg
  • League: Grandmaster
  • Spawn Location: 5:00

Event: HomeStory Cup XXIX

VOD

Have the link to the VOD?

Description

Time

  • Played on: July 4, 2026, 2:45 p.m.
  • Length: 9:59

All games in this series

Show
View Real Time Build Order
Export as new Build Order

LetaleX Protoss 

Build Orders: Oracle Opening 

Get SALT Encoding   

  8  0:00  Probe (Chrono Boost)  
  9  0:12  Probe (Chrono Boost)  
  10  0:17  Probe (Chrono Boost)  
  11  0:26  Probe  
  12  0:33  Pylon  
  12  0:38  Probe  
  13  0:51  Probe  
  14  0:57  Gateway  
  14  1:03  Probe  
  15  1:10  Assimilator  
  15  1:15  Probe  
  16  1:21  Pylon  
  16  1:28  Probe (Chrono Boost)  
  17  1:39  Probe (Chrono Boost)  
  18  1:43  Probe (Chrono Boost)  
  19  1:55  Nexus  
  19  2:05  Cybernetics Core  
  19  2:09  Probe  
  19  2:15  Assimilator  
  20  2:21  Probe  
  21  2:23  Pylon  
  21  2:38  Adept (Chrono Boost)  
  21  2:41  Probe  
  24  2:51  Stargate  
  24  2:53  Probe  
  25  3:01  Adept (Chrono Boost)  
  25  3:05  Probe  
  28  3:08  Probe  
  29  3:17  Probe  
  30  3:20  Probe  
  33  3:29  Probe  
  33  3:32  Probe  
  35  3:36  Oracle (Chrono Boost)  
  38  3:41  Probe, Warp Gate  
  38  3:44  Probe  
  40  3:48  Pylon  
  40  3:53  Probe  
  40  3:56  Probe  
  40  4:00  Adept  
  41  4:06  Probe  
  41  4:08  Probe  
  41  4:14  Pylon  
  39  4:18  Probe  
  39  4:19  Pylon  
  39  4:20  Probe  
  41  4:30  Probe  
  42  4:32  Oracle, Probe  
  45  4:42  Twilight Council, Probe  
  45  4:45  Probe  
  47  4:47  Gateway  
  47  4:49  Gateway x2  
  47  4:55  Probe  
  47  4:57  Probe  
  49  5:01  Pylon  
  49  5:02  Nexus  
  49  5:03  Pylon  
  49  5:07  Probe  
  50  5:12  Assimilator, Resonating Glaives (Chrono Boost)  
  50  5:14  Assimilator  
  50  5:19  Probe x2  
  52  5:23  Adept  
  54  5:31  Probe x2  
  56  5:36  Adept x3  
  62  5:43  Probe x2  
  62  5:44  Pylon  
  62  5:45  Adept  
  66  5:52  Pylon  
  66  6:02  Pylon, Adept x3, Probe x2  
  74  6:09  Adept  
  76  6:15  Probe x2  
  78  6:19  Probe  
  77  6:27  Probe x2  
  77  6:29  Adept  
  77  6:31  Adept x3, Probe  
  86  6:34  Shield Battery  
  86  6:37  Pylon  
  86  6:38  Pylon  
  86  6:39  Probe  
  79  6:40  Pylon  
  79  6:42  Pylon  
  75  6:53  Stalker x3  
  68  7:16  Blink (Chrono Boost)  
  68  7:23  Stalker x4  
  76  7:35  Nexus, Probe  
  77  7:38  Pylon, Gateway  
  77  7:39  Gateway  
  76  7:54  Stalker x4  
  76  7:56  Nexus  
  76  7:57  Probe  
  84  7:59  Probe  
  85  8:09  Probe  
  85  8:11  Probe  
  87  8:13  Templar Archives  
  87  8:21  Probe  
  87  8:23  Probe  
  87  8:25  Stalker x4  
  97  8:33  Pylon  
  97  8:34  Probe  
  98  8:36  Probe  
  98  8:40  Psionic Storm  
  99  8:42  Forge  
  99  8:46  Probe  
  99  8:48  Probe  
  101  8:57  Stalker x2  
  101  8:58  Probe  
  101  9:00  Probe  
  101  9:02  Assimilator  
  107  9:06  Assimilator  
  107  9:09  Probe  
  108  9:10  Probe, High Templar x2  
  108  9:12  Probe  
  114  9:21  Probe  
  114  9:22  Probe, Stalker x2  
  119  9:29  Stalker x2  
  88  9:42  Probe  
  88  9:44  Stalker x2  
  88  9:45  Stalker x2  
Show
View Real Time Build Order
Export as new Build Order

Mixu Zerg - Winner!

Build Orders: Hatch First 

Get SALT Encoding   

  8  0:00  Drone  
  9  0:11  Drone  
  10  0:16  Drone  
  11  0:22  Drone  
  12  0:32  Overlord  
  12  0:42  Extractor, Drone  
  13  0:51  Drone x2  
  15  1:01  Drone  
  16  1:15  Hatchery  
  15  1:18  Drone  
  15  1:22  Drone  
  17  1:30  Drone  
  18  1:36  Extractor  
  17  1:40  Spawning Pool  
  17  1:43  Drone  
  17  1:50  Drone  
  18  2:01  Drone  
  19  2:10  Drone  
  20  2:22  Overlord  
  20  2:27  Queen x2  
  24  2:40  Drone x4  
  24  2:44  Metabolic Boost  
  28  2:50  Zergling x4  
  30  2:57  Zergling x2  
  31  3:01  Zergling x2  
  32  3:11  Hatchery  
  31  3:15  Overlord  
  31  3:25  Zergling x2  
  32  3:31  Overlord  
  32  3:33  Queen  
  32  3:34  Drone x2  
  36  3:36  Drone  
  36  3:40  Drone x2  
  39  3:45  Drone  
  40  3:50  Overlord  
  40  3:54  Zergling x4  
  41  3:57  Drone x2  
  41  3:58  Drone  
  43  4:07  Queen  
  43  4:16  Drone x3  
  44  4:19  Drone x2  
  44  4:22  Drone  
  47  4:25  Drone x2  
  47  4:30  Drone  
  49  4:32  Queen  
  49  4:34  Drone  
  49  4:38  Drone x2  
  52  4:51  Roach Warren, Drone x4  
  52  4:52  Extractor  
  54  4:53  Drone x2  
  54  4:58  Overlord  
  56  5:01  Zergling x2  
  56  5:02  Zergling x4  
  56  5:03  Drone  
  56  5:04  Overlord  
  59  5:13  Spore Crawler x2  
  57  5:18  Overlord  
  57  5:20  Spore Crawler  
  56  5:31  Roach x5  
  56  5:32  Roach  
  56  5:33  Zergling x10  
  56  5:34  Zergling x2  
  74  5:37  Overlord  
  74  5:39  Zergling x4  
  75  5:45  Zergling x6  
  78  5:51  Overlord  
  78  5:54  Zergling x10  
  78  5:55  Ravager  
  84  5:57  Zergling x2  
  84  6:00  Zergling x6  
  84  6:01  Ravager  
  84  6:03  Zergling x2  
  89  6:07  Zergling x4  
  91  6:12  Ravager  
  91  6:13  Zergling x6  
  93  6:21  Roach x2  
  95  6:27  Zergling x12  
  95  6:29  Zergling x4  
  99  6:37  Zergling x6  
  87  6:45  Drone x2  
  87  6:46  Lair  
  87  6:47  Queen  
  85  6:48  Roach  
  85  6:50  Drone x2  
  85  6:54  Roach x2  
  95  6:58  Drone x2  
  95  7:02  Roach x2  
  95  7:06  Roach  
  94  7:11  Queen  
  94  7:13  Roach  
  94  7:14  Extractor x2  
  96  7:15  Drone x2  
  96  7:19  Drone  
  99  7:26  Drone, Baneling Nest  
  99  7:28  Overlord  
  98  7:34  Drone  
  98  7:37  Extractor, Overlord  
  96  7:44  Drone x3  
  96  7:46  Overlord  
  97  7:53  Glial Reconstitution  
  97  7:54  Queen  
  96  8:00  Extractor  
  96  8:01  Roach x5  
  103  8:06  Roach x2  
  103  8:11  Roach x3  
  113  8:20  Overlord, Centrifugal Hooks  
  113  8:22  Roach x2  
  113  8:24  Drone x3  
  120  8:29  Roach  
  120  8:30  Overlord x3  
  122  8:34  Hatchery, Overlord  
  122  8:38  Overseer  
  122  8:40  Roach x3  
  127  8:48  Roach x2  
  131  8:51  Roach x2  
  131  8:52  Ravager x2  
  137  8:57  Roach x2  
  137  9:02  Roach x3  
  147  9:04  Baneling x4  
  147  9:06  Baneling  
  147  9:07  Baneling x3  
  147  9:08  Baneling  
  147  9:13  Roach x2  
  151  9:17  Baneling x4  
  151  9:18  Zergling x4  
  151  9:21  Zergling x6  
  156  9:26  Drone x3  
  154  9:35  Roach x4  
Tags
 
Add a new tag
Caveats
  • Supply blocks, unpowered buildings, or Contaminate may cause inaccurate times.
  • Supply counts are checked every 10 seconds.